 Dungeon Crawl Stone Soup version 0.29.1-4-g47bece8355 (webtiles) character file.

Game seed: 11928863046899703681

1762 GigaChad the Cleaver (level 8, -3/73 HPs)
             Began as a Minotaur Fighter on Dec 1, 2022.
             Was an Initiate of Ashenzari.
             Killed by divine providence
             ... invoked by an orc priest
              (12 damage)
             ... on level 6 of the Dungeon.
             The game lasted 00:11:22 (5496 turns).

GigaChad the Cleaver (Minotaur Fighter)             Turns: 5496, Time: 00:11:22

Health: -3/73      AC: 17    Str: 24    XL:     8   Next: 79%
Magic:  7/7        EV:  7    Int:  5    God:    Ashenzari [......]
Gold:   190        SH:  9    Dex:  9    Spells: 7/7 levels left

rFire   . . .      SeeInvis .   a - +0 war axe
rCold   . . .      Faith    .   F - +0 kite shield
rNeg    . . .      Spirit   .   r - +0 chain mail
rPois   .          Reflect  .   (helmet restricted)
rElec   .          Harm     .   (no cloak)
rCorr   .          Rampage  .   n - +2 pair of gloves
Will    .....                   (no boots)
Stlth   ..........              k - amulet of the acrobat
HPRegen 0.22/turn               G - +4 ring of protection
MPRegen 0.10/turn               (no ring)

@: no status effects
A: horns 2, retaliatory headbutt
a: Renounce Religion


You were on level 6 of the Dungeon.
You worshipped Ashenzari.
Ashenzari was noncommittal.
You visited 2 branches of the dungeon, and saw 7 of its levels.
You also visited: Ossuary.

You collected 190 gold pieces.

Inventory:

Hand Weapons
 a - a +0 war axe (weapon)
Missiles
 H - a throwing net (quivered)
Armour
 b - a +0 scale mail
 c - a +0 buckler
 n - a +2 pair of gloves (worn)
 p - a +0 chain mail
 r - a +0 chain mail (worn)
 F - a +0 kite shield (worn)
Jewellery
 f - an amulet of magic regeneration
 k - an amulet of the acrobat (around neck)
 w - an amulet of faith
 G - a +4 ring of protection (left hand)
Wands
 I - a wand of charming (9)
Scrolls
 e - 6 scrolls of teleportation
 i - 2 scrolls of fear
 l - a scroll of amnesia
 s - a scroll of magic mapping
 u - a scroll of butterflies
 v - a scroll of enchant weapon
 y - 3 scrolls of identify
 D - a scroll of blinking
Potions
 d - 2 potions of might
 g - 5 potions of heal wounds {unknown}
 h - 2 potions of mutation {unknown}
 j - a potion of cancellation {unknown}
 m - 2 potions of ambrosia {unknown}
 o - 5 potions of curing {unknown}
 q - 2 potions of brilliance
 t - 2 potions of degeneration {unknown}
 x - a potion of attraction {unknown}
 z - 2 potions of resistance {unknown}
 A - a potion of magic {unknown}
 B - a potion of flight {unknown}
 C - a potion of haste {unknown}
 E - a potion of lignification {unknown}


   Skills:
 * Level 7.0 Fighting
 + Level 9.1 Axes
 + Level 6.7 Armour
 - Level 1.0 Dodging
 * Level 7.0 Shields


You had 7 spell levels left.
You didn't know any spells.
Your spell library contained the following spells:

 Spells                   Type           Power      Damage    Failure   Level
 Blink                    Tloc           0%         N/A       100%        2
 Static Discharge         Conj/Air       0%         3-3/arc   100%        2
 Sublimation of Blood     Necr           0%         N/A       100%        2
 Wereblood                Tmut           0%         N/A       100%        2
 Inner Flame              Hex/Fire       0%         N/A       100%        3
 Tukima's Dance           Hex            0%         N/A       100%        3
 Cause Fear               Hex            0%         N/A       100%        4
 Passage of Golubria      Tloc           0%         N/A       100%        4
 Lightning Bolt           Conj/Air       0%         1d11      100%        5
 Manifold Assault         Tloc           0%         N/A       100%        5
 Yara's Violent Unravell  Hex/Tmut       0%         3d3       100%        5
 Storm Form               Tmut/Air       0%         N/A       100%        7
 Summon Hydra             Summ           0%         N/A       100%        7
 Discord                  Hex            0%         N/A       100%        8
 Maxwell's Capacitive Co  Air            0%         ∞         100%        8


Dungeon Overview and Level Annotations

Branches:
Dungeon (6/15)             Temple (1/1) D:5         Ossuary (visited)

Altars:
Ashenzari
Cheibriados
Gozag
Hepliaklqana
Kikubaaqudgha
Makhleb
Nemelex Xobeh
Okawaru
Qazlal
Ru
Sif Muna
Trog
Vehumet
Wu Jian
Zin
The Shining One

Shops:
D:2 *

Annotations:
Temple 4 transporters


Innate Abilities, Weirdness & Mutations

You have a pair of horns on your head.
You reflexively headbutt those who attack you in melee.


Message History

The orc warrior hits you but does no damage.
The orc warrior hits you with a +0 hand axe!
* * * LOW HITPOINT WARNING * * *
You closely miss the orc warrior.
The orc warrior is almost dead.
The orc warrior barely misses you.
The orc priest calls upon Beogh to heal the orc warrior.
The orc warrior is healed somewhat.
You hit the orc warrior but do no damage.
Your headbutt misses the orc warrior.
The orc warrior is severely wounded.
The orc warrior hits you with a +0 hand axe.
* * * LOW HITPOINT WARNING * * *
You closely miss the orc warrior. You headbutt the orc warrior.
The orc warrior is severely wounded.
You block the orc warrior's attack.
You hit the orc warrior but do no damage.
The orc warrior is severely wounded.
The orc warrior hits you with a +0 hand axe.
* * * LOW HITPOINT WARNING * * *
The orc priest calls upon Beogh to heal the orc warrior.
The orc warrior is healed somewhat.
You closely miss the orc warrior.
The orc warrior is heavily wounded.
The orc warrior hits you but does no damage.
The orc warrior hits you with a +0 hand axe!
* * * LOW HITPOINT WARNING * * *
You closely miss the orc warrior.
The orc warrior is heavily wounded.
The orc warrior hits you but does no damage.
You hit the orc warrior but do no damage.
Your headbutt misses the orc warrior.
The orc warrior is heavily wounded.
You block the orc warrior's attack.
You closely miss the orc warrior.
The orc warrior is heavily wounded.
The orc warrior closely misses you.
The orc priest calls down the wrath of Beogh upon you.
Beogh smites you!
You die...

... ..# # ..# #. ..# #..
..# #..# ..####.#
##..### ........ ......#
..####.####.# #.#####...
.## #.#....# #.@oo...#
.#####.#.##.###.##o##>..
....<.......)...# #
<........########
######...# ###.# #.# #.#
########.#


You could see an orc warrior, an orc priest and an orc.

Vanquished Creatures
  An ogre (D:4)
  A necrophage (D:5)
  15 scorpions
  2 centaur zombies (Ossuary)
  A jelly (D:5)
  4 hounds (D:5)
  A human zombie (Ossuary)
  An orc priest (D:6)
  6 scorpion zombies (Ossuary)
  Jessica (D:2)
  2 iguanas
  An orc wizard (D:6)
  3 mummies (Ossuary)
  Robin (D:2)
  5 adders
  A white imp (D:5)
  An ufetubus (D:3)
  3 worms
  4 dart slugs
  3 orcs
  10 ball pythons
  5 endoplasms
  3 giant cockroaches
  A gnoll zombie (Ossuary)
  10 goblins
  11 hobgoblins
  9 kobolds
  5 quokkas
  8 bats
  7 frilled lizards
  3 goblin zombies (Ossuary)
  3 hobgoblin zombies (Ossuary)
  2 kobold zombies (Ossuary)
  An orc zombie (Ossuary)
  7 rats
142 creatures vanquished.

Notes
Turn   | Place    | Note
-------+----------+-------------------------------------------
     0 | D:1      | GigaChad the Minotaur Fighter began the quest for the Orb.
     0 | D:1      | Reached XP level 1. HP: 19/19 MP: 0/0
   279 | D:1      | Reached XP level 2. HP: 25/27 MP: 1/1
  1006 | D:2      | Reached XP level 3. HP: 33/33 MP: 2/2
  1050 | D:2      | Found Xamusest's Assorted Antiques.
  1050 | D:2      | Noticed Jessica
  1075 | D:2      | Reached skill level 3 in Axes
  1076 | D:2      | Killed Jessica
  1229 | D:2      | Noticed Robin
  1238 | D:2      | Killed Robin
  1239 | D:2      | Reached XP level 4. HP: 31/40 MP: 3/3
  1507 | D:2      | Reached skill level 4 in Axes
  1906 | D:3      | Reached skill level 1 in Dodging
  1916 | D:3      | Reached XP level 5. HP: 42/46 MP: 4/4
  2224 | D:3      | Found a glowing silver altar of Zin.
  2353 | D:3      | Found a snail-covered altar of Cheibriados.
  2678 | D:4      | Reached skill level 5 in Armour
  2842 | D:4      | Reached skill level 5 in Axes
  2842 | D:4      | Reached XP level 6. HP: 53/53 MP: 5/5
  2913 | D:4      | Reached skill level 5 in Shields
  2915 | D:4      | Found a stormy altar of Qazlal.
  3361 | D:5      | Entered Level 5 of the Dungeon
  3518 | D:5      | Found a sand-covered staircase.
  3522 | Ossuary  | Entered an ossuary
  3545 | Ossuary  | Reached skill level 6 in Axes
  3576 | Ossuary  | Reached skill level 5 in Fighting
  3576 | Ossuary  | Reached XP level 7. HP: 41/61 MP: 6/6
  3727 | Ossuary  | Reached skill level 7 in Axes
  3971 | Ossuary  | Reached XP level 8. HP: 68/70 MP: 7/7
  3993 | Ossuary  | Reached skill level 8 in Axes
  4830 | D:5      | Found a staircase to the Ecumenical Temple.
  4879 | Temple   | Entered the Ecumenical Temple
  4879 | Temple   | Found a transporter.
  4879 | Temple   | Found a transporter.
  4881 | Temple   | Found a transporter.
  4881 | Temple   | Found a transporter.
  4899 | Temple   | Became a worshipper of Ashenzari the Shackled
  4954 | D:5      | Reached skill level 9 in Axes
  5496 | D:6      | Killed from afar by an orc priest

Illustrated notes

Levels and vault maps discovered:
D:1:      dpeg_arrival_long_road, layout_loops_corners
D:2:      layout_loops_ring, serial_shops, shop_statue, basic_ecumenical_altar,
          minmay_tetromino_o4, uniq_robin, uniq_jessica
D:3:      layout_loops_corners, zin_statuary, mainiacjoe_overflow_catwalk,
          chequers_temple_overflow_minitemple
D:4:      layout_basic, mainiacjoe_overflow_brackets, serial_rivers,
          chequers_serial_rivers_micro_c, chequers_serial_rivers_micro_e,
          chequers_serial_rivers_micro_d, chequers_serial_rivers_micro_e,
          chequers_serial_rivers_micro_e
D:5:      layout_basic, minmay_temple_entry_tees, enter_ossuary_5
D:6:      minmay_skewed_foursquare, layout_loops_ring, serial_shops, shop,
          grunt_ministairs_7
Temple:   hellmonk_temple_divided_pantheon

Skill      XL: |  1  2  3  4  5  6  7  8 |
---------------+-------------------------+-----
Shields        | 4 5 6 7 |  7.0
Armour         | 4 5 6 |  6.7
Axes           | 3 4 5 6 7 9 |  9.1
Fighting       | 4 5 7 |  7.0
Dodging        | 1 |  1.0

Action                   |  1- 3 |  4- 6 |  7- 9 || total
-------------------------+-------+-------+-------++-------
Melee: War axe           |    72 |   122 |   141 ||   335
       Headbutt          |     6 |    21 |    30 ||    57
  Use: Scroll            |     5 |     3 |     4 ||    12
Armor: Scale mail        |    41 |    11 |       ||    52
       Chain mail        |       |    76 |    79 ||   155
Dodge: Dodged            |    47 |   105 |    62 ||   214
Block: Buckler           |    22 |    44 |    34 ||   100
       Kite shield       |       |       |    20 ||    20
